 Dungeon Crawl Stone Soup version 0.31-a0-564-g3b7de120b3 (webtiles) character file.

Game seed: 9817586715607296569

3552 Ofeo the Skirmisher (level 9, 0/44 HPs)
             Began as a Spriggan Hunter on Aug 17, 2023.
             Killed from afar by an efreet (28 damage)
             ... with a fireball
             ... on level 9 of the Dungeon.
             The game lasted 00:17:59 (9539 turns).

Ofeo the Skirmisher (Spriggan Hunter)               Turns: 9539, Time: 00:17:59

Health: 0/44       AC:  2    Str:  7    XL:     9   Next: 83%
Magic:  10/10      EV: 20    Int: 11    God:
Gold:   74         SH:  0    Dex: 22    Spells: 2/8 levels left

rFire   . . .        a - +3 shortbow (freeze)
rCold   . . .        (shield currently unavailable)
rNeg    + . .        c - +0 robe
rPois   .            (helmet restricted)
rElec   .            (no cloak)
rCorr   +            (gloves unavailable)
SInv    +            (boots unavailable)
Will    +....        g - amulet of magic regeneration
Stlth   +++          l - ring of positive energy
HPRegen 0.27/turn    d - ring of resist corrosion
MPRegen 0.52/turn

%: no passive effects
@: very quick
A: very small, no large weapons, unfitting armour, see invisible, speed 3
a: no special abilities


You were on level 9 of the Dungeon.
You visited 2 branches of the dungeon, and saw 10 of its levels.
You also visited: Sewer.

You collected 341 gold pieces.
You spent 267 gold pieces at shops.

Inventory:

Hand Weapons
 a - a +3 shortbow of freezing (weapon)
 b - the +8 hand axe "Newtslayer" {speed, Dex+6 Stlth+}
   (You found it on level 5 of the Dungeon)

   Dex+6:     It affects your dexterity (+6).
   Stlth+:    It makes you more stealthy.
Missiles
 p - a curare-tipped dart
 y - a throwing net
Armour
 c - a +0 robe (worn)
Jewellery
 d - a ring of resist corrosion (right hand)
 g - an amulet of magic regeneration (around neck)
 l - a ring of positive energy (left hand)
 w - a +6 ring of intelligence
Scrolls
 f - 4 scrolls of enchant armour
 i - a scroll of identify {@r1}
 j - 2 scrolls of poison
 k - 3 scrolls of blinking {@r4}
 m - a scroll of fear
 n - 3 scrolls of teleportation {@r3}
 u - a scroll of revelation
 v - a scroll of butterflies
 B - a scroll of immolation
Potions
 e - 2 potions of mutation
 h - a potion of heal wounds {@q2}
 o - a potion of ambrosia {unknown}
 q - 2 potions of curing {@q1}
 r - a potion of might {unknown}
 s - 2 potions of invisibility {unknown}
 t - 2 potions of attraction {unknown}
 x - a potion of degeneration {unknown}
 z - a potion of berserk rage {unknown}
 A - a potion of brilliance {unknown}


   Skills:
 - Level 3.0 Fighting
 + Level 13.5 Ranged Weapons
 - Level 4.8 Dodging
 - Level 4.9 Stealth


You had 2 spell levels left.
You knew the following spells:

 Your Spells              Type           Power      Damage    Failure   Level
a - Frozen Ramparts       Ice            0%         1d1       71%         3
b - Volatile Blastmotes   Fire/Tloc      0%         2d10      71%         3

Your spell library contained the following spells:

 Spells                   Type           Power      Damage    Failure   Level
 Freeze                   Ice            0%         1d3       34%         1
 Blink                    Tloc           0%         N/A       47%         2
 Lesser Beckoning         Tloc           0%         N/A       47%         2
 Momentum Strike          Conj/Tloc      0%         3d8       47%         2
 Call Canine Familiar     Summ           0%         N/A       71%         3
 Hailstorm                Conj/Ice       0%         3d3       71%         3
 Ozocubu's Armour         Ice            0%         N/A       71%         3
 Portal Projectile        Hex/Tloc       0%         N/A       71%         3
 Fulminant Prism          Conj/Hex       0%         3d5       98%         4
 Iskenderun's Mystic Bla  Conj/Tloc      0%         2d3       98%         4
 Leda's Liquefaction      Hex/Erth       0%         N/A       98%         4
 Ozocubu's Refrigeration  Ice            0%         4d7       100%        7


Dungeon Overview and Level Annotations

Branches:
Dungeon (9/15)             Temple (1/1) D:5           Sewer (visited)
   Lair: D:8-11         Orc: D:9-12

Altars:
Ashenzari
Cheibriados
Dithmenos
Elyvilon
Fedhas
Gozag
Hepliaklqana
Makhleb
Nemelex Xobeh
Okawaru
Qazlal
Ru
Sif Muna
Trog
Uskayaw
Vehumet
Wu Jian
Xom
Yredelemnul
Zin
The Shining One

Shops:
D:2 *   D:4 *   D:6 ?   D:8 (

Annotations:
D:3 2 transporters, IdlyInterested's ghost, amateur DsFi
D:7 Jeremiah


Innate Abilities, Weirdness & Mutations

You are very small and have problems with some larger weapons.
You are too small for most types of armour.
You have supernaturally acute eyesight. (SInv)
You cover ground extremely quickly. (Speed+++)


Message History

You shoot an arrow. The arrow hits the necromancer.
The arrow freezes the necromancer.
The necromancer is lightly wounded.
The green ugly thing is engulfed in blazing flames.
You shoot an arrow. The arrow hits the necromancer.
The arrow freezes the necromancer.
The necromancer is moderately wounded.
You shoot an arrow.
The arrow barely misses the necromancer.
You shoot an arrow. The arrow hits the necromancer!
The arrow freezes the necromancer!
The necromancer is almost dead.
You shoot an arrow.
The arrow closely misses the necromancer.
The arrow hits the efreet!
The arrow freezes the efreet!
The efreet is heavily wounded.
The necromancer points at you and mumbles some strange words.
Your body is wracked with pain!
You take 18 damage, and have 26/44 hp.
MASSIVE DAMAGE!!
You shoot an arrow. The arrow hits the green ugly thing.
The arrow freezes the green ugly thing.
The green ugly thing is severely wounded.
You shoot an arrow.
The arrow completely misses the green ugly thing.
You shoot an arrow. The arrow hits the green ugly thing.
The arrow freezes the green ugly thing.
The green ugly thing is severely wounded.
You shoot an arrow. The arrow hits the green ugly thing!
The arrow freezes the green ugly thing.
You kill the green ugly thing!
You shoot an arrow.
The arrow hits the efreet but does no damage.
The efreet is heavily wounded.
You shoot an arrow.
The arrow hits the efreet but does no damage.
The efreet is heavily wounded.
The efreet gestures at you.
The fireball explodes!
The fireball engulfs you!!
Ouch! That really hurt!
You die...

###########.
#.........#.
#.#######.#.#####
#.....# #T#<..#
#...#.# #.#O#.#
#.#.#.# #.#.#.#
#.#.#.###+#☼#.#.#
#.#.#@#...°..##.#
#.#.#.#......O°.#
#.#.#.#.○....##O.#
#.#.#†#.°....#####
#.#.#.#pRu....
#.#<#R#.......
#)###°#☼......
#..pO........
#.#.........


You could see a two-headed ogre, a necromancer and an efreet.

Vanquished Creatures
  A two-headed ogre (D:8)
  An ugly thing (D:9)
  A hornet (D:7)
  Grinder (D:3)
  A water moccasin (D:8)
  An orc warrior (D:7)
  A sky beast (D:6)
  2 black bears
  2 ogres
  A phantom (D:5)
  3 kobold brigands
  3 scorpions
  5 wights
  3 howler monkeys (D:8)
  2 electric eels (D:7)
  A crimson imp (D:6)
  A quasit (Sewer)
  5 hounds
  4 jellies
  An orc priest (D:5)
  3 sleepcaps
  2 orc wizards
  An iguana (D:5)
  10 adders
  4 gnolls (D:7)
  5 shadow imps (Sewer)
  2 white imps (D:6)
  5 ufetubi
  5 worms
  4 dart slugs
  15 orcs
  7 ball pythons
  A bat zombie (Sewer)
  5 endoplasms
  7 giant cockroaches
  4 hobgoblins
  7 jackals
  4 quokkas
  9 bats
  A frilled lizard (D:1)
  4 goblins
  24 kobolds
  9 rats
178 creatures vanquished.

Notes
Turn   | Place    | Note
-------+----------+-------------------------------------------
     0 | D:1      | Ofeo the Spriggan Hunter began the quest for the Orb.
     0 | D:1      | Reached XP level 1. HP: 10/10 MP: 2/2
    84 | D:1      | Reached XP level 2. HP: 15/15 MP: 3/3
   838 | D:1      | Reached XP level 3. HP: 18/18 MP: 4/4
  1012 | D:2      | Found Javimp's Assorted Antiques.
  1047 | D:2      | Reached XP level 4. HP: 23/23 MP: 5/5
  1064 | D:1      | HP: 1/23 [poisoned by an adder]
  1451 | D:2      | Found a white marble altar of Elyvilon.
  1609 | D:2      | Found a faded altar of an unknown god.
  1893 | D:3      | Found a transporter.
  1924 | D:3      | Noticed Grinder
  1928 | D:3      | Paralysed by Grinder for 4 turns
  1984 | D:3      | Killed Grinder
  1985 | D:3      | Reached skill level 5 in Ranged Weapons
  1985 | D:3      | Reached XP level 5. HP: 23/28 MP: 6/6
  1985 | D:3      | Reached XP level 6. HP: 27/32 MP: 7/7
  2326 | D:3      | Found an iron altar of Okawaru.
  2358 | D:3      | Found a transporter.
  2394 | D:3      | Identified the +6 halberd of Noolun {venom, Fly}
  2687 | D:3      | Noticed IdlyInterested's ghost (amateur DsFi)
  3122 | D:4      | Found a snail-covered altar of Cheibriados.
  3143 | D:4      | Reached skill level 6 in Ranged Weapons
  3155 | D:4      | Reached XP level 7. HP: 35/36 MP: 8/8
  3215 | D:4      | Found Jielligh's Assorted Antiques.
  3378 | D:4      | Found a hazy altar of Hepliaklqana.
  3582 | D:5      | Entered Level 5 of the Dungeon
  3630 | D:5      | Found a broken altar of Ashenzari.
  3663 | D:5      | Reached skill level 7 in Ranged Weapons
  3860 | D:5      | Found a staircase to the Ecumenical Temple.
  3867 | Temple   | Entered the Ecumenical Temple
  3961 | D:5      | Identified the +8 hand axe "Newtslayer" {speed, Dex+6
                  | Stlth+}
  4095 | D:5      | Reached skill level 8 in Ranged Weapons
  4208 | D:5      | Found a glowing drain.
  4212 | Sewer    | Entered a sewer
  4526 | Sewer    | Reached XP level 8. HP: 37/40 MP: 9/9
  4662 | Sewer    | Found a burning altar of Makhleb.
  4728 | Sewer    | Reached skill level 9 in Ranged Weapons
  6440 | D:2      | Bought a glowing shortbow for 162 gold pieces
  6751 | D:6      | Reached skill level 10 in Ranged Weapons
  6895 | D:6      | Found an opulent altar of Gozag.
  7035 | D:6      | Found Weffal's Magic Scroll Emporium.
  7043 | D:6      | Bought a scroll of revelation for 105 gold pieces
  7534 | D:7      | Reached skill level 11 in Ranged Weapons
  7538 | D:7      | Learned a level 3 spell: Frozen Ramparts
  7542 | D:7      | Learned a level 3 spell: Volatile Blastmotes
  7549 | D:7      | Found a stormy altar of Qazlal.
  7589 | D:7      | Noticed a hornet
  7643 | D:7      | Killed a hornet
  7644 | D:7      | Reached XP level 9. HP: 44/44 MP: 10/10
  7660 | D:7      | Noticed Jeremiah
  8030 | D:7      | Reached skill level 12 in Ranged Weapons
  8690 | D:8      | Found a blossoming altar of Fedhas.
  8785 | D:8      | Found a sparkling altar of Nemelex Xobeh.
  8911 | D:8      | Noticed a two-headed ogre
  8950 | D:8      | Killed a two-headed ogre
  8951 | D:8      | Reached skill level 13 in Ranged Weapons
  8981 | D:8      | Found Zocw's Weapon Emporium.
  9428 | D:9      | Noticed a troll
  9430 | D:9      | Noticed a two-headed ogre
  9520 | D:9      | Noticed a necromancer
  9521 | D:9      | Noticed an efreet
  9521 | D:9      | Noticed a green ugly thing
  9537 | D:9      | Killed a green ugly thing
  9539 | D:9      | Killed from afar by an efreet

Illustrated notes

Levels and vault maps discovered:
D:1:      roderic_crop_circles_arrival_small, layout_loops_ring
D:2:      layout_rooms, basic_altar, serial_shops,
          nicolae_shop_competitors_out_of_business,
          dreamdust_ecumenical_altar_angels_and_demons
D:3:      layout_loops_corners, mainiacjoe_overflow_chevrons,
          gammafunk_ghost_gnarly_gnolls, grunt_ministairs_9,
          small_statue_intersection, uniq_grinder
D:4:      layout_cave_pools, lemuel_tele_altar,
          mainiacjoe_overflow_small_starburst, serial_shops,
          nicolae_shop_tiny_statue_garden
D:5:      layout_basic, mainiacjoe_overflow_tiny_flanked,
          minmay_temple_entry_hall, gup_sewer_entry_spiral
D:6:      layout_loops_corners, grunt_gozag_statues, serial_shops, shop,
          nrook_mini_vaults, minmay_fire_ice_demons
D:7:      layout_rooms, nicolae_qazlal_general_emergency,
          nicolae_have_a_lightning_rod, uniq_jeremiah
D:8:      layout_basic, nemelex_spade_bored_becter,
          mainiacjoe_overflow_brackets, serial_shops, nicolae_diamond_shop,
          corexii_hall_statues_s
D:9:      minmay_chopped_fan, layout_basic, uniq_maurice, uniq_erolcha,
          uniq_maggie, uniq_prince_ribbit1
Temple:   minmay_temple_bridge_abc

Skill      XL: |  1  2  3  4  5  6  7  8  9 |
---------------+----------------------------+-----
Stealth        | 2 3 4 |  4.9
Dodging        | 3 4 |  4.8
Fighting       | 2 3 |  3.0
Ranged Weapons | 5 6 8 11 13 | 13.5

Action                     |  1- 3 |  4- 6 |  7- 9 || total
---------------------------+-------+-------+-------++-------
  Melee: Hand axe          |       |       |    46 ||    46
         Punch             |       |       |     1 ||     1
   Fire: Shortbow          |    90 |   126 |   451 ||   667
    Use: Scroll            |       |     5 |     7 ||    12
         Potion            |       |       |     3 ||     3
   Stab: Sleeping          |       |       |     2 ||     2
 Armour: Robe              |     5 |     3 |    15 ||    23
  Dodge: Dodged            |    23 |    17 |   160 ||   200

Table legend: (Time is in decaauts)
 A = Elapsed time spent in this place.
 B = Non-inter-level travel time spent in this place.
 C = Inter-level travel time spent in this place.
 D = Time resting spent in this place.
 E = Time spent auto-exploring this place.
 F = Levels seen in this place.
 G = Mean time per level.
                   A        B        C        D        E       F      G
               +--------+--------+--------+--------+--------+-----+--------+
         Total |   6589 |   5986 |    603 |    790 |   3563 |  11 |  599.0 |
       Dungeon |   6008 |   5405 |    603 |    518 |   3507 |   9 |  667.6 |
        Temple |      1 |      1 |      0 |      0 |      0 |   1 |    1.0 |
         Sewer |    580 |    580 |      0 |    272 |     55 |   1 |  580.0 |
               +--------+--------+--------+--------+--------+-----+--------+

Top non-repeatable levels by time:
     D:6: 1287 daAuts
     D:5: 1077 daAuts
     D:1: 838 daAuts
     D:3: 715 daAuts
     D:2: 588 daAuts
   Sewer: 580 daAuts
     D:8: 539 daAuts
     D:4: 457 daAuts
     D:7: 454 daAuts
     D:9: 48 daAuts
  Temple: 1 daAuts
